 Dungeon Crawl Stone Soup version 0.30.0-5-g1a98f26d00 (webtiles) character file.

Game seed: 6619535232984923265

9 monsoonserge the Changer (level 2, 0/23 HPs)
             Began as a Merfolk Wanderer on May 10, 2023.
             Slain by a hobgoblin (4 damage)
             ... on level 1 of the Dungeon.
             The game lasted 00:01:03 (202 turns).

monsoonserge the Changer (Merfolk Wanderer)          Turns: 202, Time: 00:01:04

Health: 0/23       AC:  2    Str:  9    XL:     2   Next: 12%
Magic:  3/3        EV: 12    Int: 12    God:
Gold:   13         SH:  0    Dex: 15    Spells: 3/3 levels left

rFire   . .          .
                       - Unarmed
rCold   . . .        (no shield)
rNeg    . . .        e - +0 robe
rPois   .            (no helmet)
rElec   .            (no cloak)
rCorr   .            (no gloves)
SInv    .            (no boots)
Will    .....        (no amulet)
Stlth   +            (no ring)
HPRegen 0.23/turn    (no ring)
MPRegen 0.08/turn

%: no passive effects
@: no status effects
A: (nimble swimmer 2), mertail
a: no special abilities


You were on level 1 of the Dungeon.
You visited 1 branch of the dungeon, and saw 1 of its levels.

You collected 13 gold pieces.

Inventory:

Hand Weapons
 a - a +0 dagger
Armour
 e - a +0 robe (worn)
Scrolls
 b - a scroll of blinking
 d - a scroll of fear
 f - a scroll of summoning
Potions
 c - a potion of curing


   Skills:
 + Level 2.9 Fighting
 - Level 1.0 Armour
 + Level 1.3 Dodging
 + Level 0.1 Stealth
 + Level 2.4 Unarmed Combat
 - Level 1.0 Spellcasting
 - Level 4.0 Transmutations


You had 3 spell levels left.
You didn't know any spells.
Your spell library contained the following spells:

 Spells                   Type           Power      Damage    Failure   Level
 Wereblood                Tmut           10%        N/A       9%          2
 Passwall                 Tmut/Erth      4%         N/A       21%         2


Dungeon Overview and Level Annotations

Branches:
Dungeon (1/15)

Altars:


Innate Abilities, Weirdness & Mutations

((You are very nimble when in or above water. (Stealth+, EV+, Speed+++)))
Your lower body shifts to a powerful aquatic tail in water.


Message History

The ball python misses you. The ball python grabs you.
The ball python constricts you.
You hit the ball python but do no damage.
The ball python is moderately wounded.
The ball python closely misses you. The ball python constricts you.
The ball python closely misses you. The ball python constricts you.
You hit the ball python.
You kill the ball python!
The bat hits you but does no damage. x2
You closely miss the bat. The bat barely misses you.
The hobgoblin attacks as you move away! The hobgoblin hits you.
The bat hits you but does no damage. The bat completely misses you.
Unknown command.
You hit the bat.
You kill the bat!
The hobgoblin hits you.
You barely miss the hobgoblin. The hobgoblin hits you.
You barely miss the hobgoblin. The hobgoblin hits you.
You hit the hobgoblin but do no damage. The hobgoblin misses you.
You closely miss the hobgoblin. The hobgoblin hits you.
You hit the hobgoblin but do no damage. The hobgoblin barely misses you.
You barely miss the hobgoblin. The hobgoblin hits you.
* * * LOW HITPOINT WARNING * * *
You hit the hobgoblin.
The hobgoblin is severely wounded.
The hobgoblin closely misses you.
You barely miss the hobgoblin.
The hobgoblin is severely wounded.
The hobgoblin barely misses you.
You closely miss the hobgoblin.
The hobgoblin is severely wounded.
The hobgoblin hits you.
* * * LOW HITPOINT WARNING * * *
You barely miss the hobgoblin.
The hobgoblin is severely wounded.
The hobgoblin misses you.
You hit the hobgoblin but do no damage.
The hobgoblin is severely wounded.
The hobgoblin hits you.
You die...

### #.########
#........#
#####.######.######
##
#.....#..†@g........
...
##.#####.####.#######
#.##....# ....
#.......# ......
###.......# ........#
#........## ........#
#.#......# ....######
#.#......## ..
#.#.......+


You could see a hobgoblin.

Vanquished Creatures
  A dart slug (D:1)
  A ball python (D:1)
  An endoplasm (D:1)
  A hobgoblin (D:1)
  A bat (D:1)
  2 frilled lizards (D:1)
7 creatures vanquished.

Notes
Turn   | Place    | Note
-------+----------+-------------------------------------------
     0 | D:1      | monsoonserge the Merfolk Wanderer began the quest for the
                  | Orb.
     0 | D:1      | monsoonserge set off with the following items: a +0 dagger,
                  | a scroll of blinking, a potion of curing, a scroll of fear,
                  | a +0 robe, a scroll of summoning; and the following spells
                  | available to memorise: Wereblood, Passwall.
     0 | D:1      | Reached XP level 1. HP: 16/16 MP: 2/2
   166 | D:1      | Reached XP level 2. HP: 21/23 MP: 3/3
   202 | D:1      | Slain by a hobgoblin

Illustrated notes

Levels and vault maps discovered:
D:1:      minmay_arrival_stone_box, layout_basic

Action                     || total
---------------------------++-------
  Melee: Unarmed           ||    36
 Armour: Robe              ||     3
  Dodge: Dodged            ||    16
